Map: Catalyst LE

Players

Bly - Winner!

  • Race: Zerg Zerg
  • Spawn Location: 11:00

Spazymazy

  • Race: Zerg Zerg
  • Spawn Location: 5:00

Event: WCS Leipzig 2018

VOD

Have the link to the VOD?

Description

Time

  • Played on: Jan. 26, 2018, 9:04 a.m.
  • Length: 8:31

All games in this series

Show
View Real Time Build Order
Export as new Build Order

Bly Zerg - Winner!

Build Orders: Pool First 

Get SALT Encoding   

  12  0:17  Spawning Pool  
  11  0:22  Drone  
  11  0:27  Drone  
  13  0:33  Drone  
  14  0:44  Overlord  
  14  1:04  Zergling x4  
  14  1:05  Zergling x2  
  17  1:15  Zergling x2  
  18  1:20  Hatchery  
  17  1:26  Zergling x2  
  18  1:36  Queen  
  18  1:39  Zergling x2  
  21  1:51  Overlord  
  21  1:59  Drone  
  22  2:11  Queen  
  24  2:21  Drone x2  
  24  2:32  Drone  
  24  2:33  Drone  
  26  2:41  Queen  
  26  2:46  Drone x2  
  27  2:55  Drone x2  
  27  2:56  Drone x2  
  30  3:01  Overlord  
  30  3:05  Spine Crawler  
  29  3:06  Zergling x2  
  29  3:12  Zergling x2  
  31  3:18  Zergling x2  
  32  3:22  Zergling x4  
  32  3:24  Overlord  
  32  3:25  Drone  
  34  3:34  Drone x2  
  34  3:35  Drone  
  34  3:37  Drone  
  34  3:39  Drone  
  38  3:46  Drone x2  
  40  3:49  Overlord  
  40  3:51  Extractor  
  40  3:52  Extractor  
  38  3:59  Drone x3  
  38  4:02  Overlord  
  41  4:09  Drone  
  42  4:15  Drone  
  43  4:21  Drone x2  
  45  4:28  Drone x3  
  48  4:34  Roach Warren  
  48  4:35  Drone  
  48  4:36  Drone x3, Evolution Chamber  
  48  4:37  Extractor  
  49  4:41  Lair  
  49  4:54  Evolution Chamber  
  49  4:57  Drone x2  
  51  5:00  Drone x3  
  51  5:04  Overlord  
  51  5:05  Zerg Missile Weapons Level 1  
  52  5:16  Drone x3  
  52  5:20  Drone  
  52  5:21  Drone x2  
  57  5:23  Overlord  
  55  5:31  Overlord  
  55  5:34  Roach x2  
  59  5:41  Glial Reconstitution  
  58  5:52  Roach x8  
  74  5:58  Roach  
  74  6:01  Overseer  
  76  6:05  Roach x4  
  83  6:14  Roach x2  
  87  6:21  Roach x2  
  87  6:24  Hatchery, Overlord  
  90  6:36  Roach  
  90  6:38  Overlord  
  92  6:41  Extractor  
  92  6:44  Drone x5  
  96  6:49  Overlord  
  96  6:57  Roach x3  
  102  7:03  Roach x2  
  106  7:09  Overlord  
  106  7:16  Roach x5  
  108  7:24  Roach x3  
  114  7:30  Roach  
  114  7:33  Roach  
  114  7:35  Roach x3  
  116  7:43  Roach x2  
  114  7:50  Roach  
  114  7:51  Roach x2  
  114  7:56  Roach  
  116  8:02  Roach x4  
  118  8:07  Roach x3  
  122  8:25  Ravager  
  118  8:27  Ravager  
Show
View Real Time Build Order
Export as new Build Order

Spazymazy Zerg 

Build Orders: Hatch First 

Get SALT Encoding   

  12  0:00  Drone  
  13  0:12  Overlord  
  13  0:17  Drone  
  14  0:30  Drone x2  
  14  0:34  Drone  
  17  0:54  Hatchery  
  17  0:56  Drone  
  17  1:00  Drone, Extractor  
  17  1:14  Spawning Pool  
  17  1:17  Drone  
  17  1:21  Drone  
  18  1:27  Drone  
  19  1:38  Overlord  
  19  2:01  Zergling x2  
  19  2:02  Zergling x2, Metabolic Boost, Queen  
  19  2:06  Zergling x2  
  24  2:13  Zergling x2  
  25  2:28  Zergling x2  
  26  2:46  Hatchery  
  25  2:52  Overlord  
  25  3:02  Overlord  
  25  3:11  Zergling x4  
  25  3:12  Zergling x4  
  29  3:14  Zergling x2  
  30  3:23  Queen  
  29  3:35  Drone x2  
  29  3:38  Drone  
  31  3:43  Drone x2  
  31  3:45  Drone  
  33  4:04  Drone  
  33  4:05  Hatchery  
  33  4:10  Drone  
  33  4:11  Drone x2  
  33  4:16  Overlord  
  36  4:26  Drone x2  
  38  4:32  Drone  
  38  4:38  Drone x3  
  41  4:39  Extractor  
  41  4:42  Drone x2  
  42  4:48  Drone, Roach Warren, Evolution Chamber  
  42  4:52  Drone x3  
  44  5:04  Drone x2  
  46  5:10  Overlord  
  46  5:17  Queen  
  47  5:23  Lair  
  47  5:26  Extractor  
  47  5:27  Drone x3  
  48  5:28  Drone  
  48  5:29  Drone x5  
  54  5:38  Overlord  
  54  5:43  Zerg Missile Weapons Level 1  
  53  5:50  Drone x3, Overlord  
  53  5:52  Extractor  
  53  5:55  Drone x3  
  58  5:58  Roach  
  58  6:00  Overlord  
  58  6:01  Roach  
  58  6:03  Roach  
  64  6:04  Roach x2  
  64  6:06  Overlord  
  64  6:10  Roach  
  70  6:14  Overlord  
  70  6:17  Extractor  
  69  6:21  Glial Reconstitution  
  69  6:22  Roach x2  
  69  6:24  Overlord  
  73  6:27  Roach x2  
  73  6:32  Zergling x6  
  80  6:33  Roach  
  80  6:37  Roach x2  
  86  6:41  Roach x2  
  86  6:43  Overlord  
  86  6:46  Unknown, Roach  
  92  6:49  Roach  
  92  6:53  Overlord  
  94  6:55  Roach x2  
  94  6:57  Overlord  
  94  6:59  Roach  
  100  7:03  Zergling x4  
  102  7:10  Roach x2  
  102  7:11  Roach  
  106  7:21  Roach x4  
  104  7:24  Roach  
  104  7:29  Roach x3  
  98  7:32  Roach  
  98  7:36  Roach  
  89  7:39  Roach  
  89  7:41  Roach x2  
  86  7:44  Roach  
  82  7:52  Roach x2  
  82  7:54  Ravager x2  
  82  7:55  Ravager  
  89  8:01  Zergling x4  
  89  8:02  Zergling x6  
  84  8:10  Roach x2  
  84  8:11  Roach  
  84  8:12  Roach  
Tags
 
Add a new tag
Caveats
  • Supply blocks, unpowered buildings, or Contaminate may cause inaccurate times.
  • Supply counts are checked every 10 seconds.